 Dungeon Crawl Stone Soup version 0.31-a0-174-g85c54bcb58 (webtiles) character file.

Game seed: 11176478612058356690

53 senseless the Chiller (level 3, 0/24 HPs)
             Began as a Demonspawn Ice Elementalist on June 15, 2023.
             Slain by Crazy Yiuf
             ... wielding a +4 quarterstaff of chaos
              (6 damage)
             ... on level 2 of the Dungeon.
             The game lasted 00:04:44 (1832 turns).

senseless the Chiller (Demonspawn Ice Elementalist) Turns: 1832, Time: 00:04:46

Health: 0/24       AC:  2    Str:  8    XL:     3   Next: 62%
Magic:  4/6        EV: 12    Int: 18    God:
Gold:   143        SH:  0    Dex: 13    Spells: 6/7 levels left

rFire   . . .        b - +2 sling (drain)
rCold   . . .        (no shield)
rNeg    . . .        a - +0 robe
rPois   .            (no helmet)
rElec   .            (no cloak)
rCorr   .            (no gloves)
SInv    .            (no boots)
Will    .....        (no amulet)
Stlth   ++           (no ring)
HPRegen 0.24/turn    (no ring)
MPRegen 0.10/turn

%: no passive effects
@: no status effects
A: powered by death 1
a: no special abilities


You were on level 2 of the Dungeon.
You visited 1 branch of the dungeon, and saw 2 of its levels.

You collected 143 gold pieces.

Inventory:

Hand Weapons
 b - a +2 sling of draining (weapon)
 d - a +0 dagger
Armour
 a - a +0 robe (worn)
Scrolls
 f - a scroll of enchant weapon {unknown}
 h - a scroll of enchant armour {unknown}
 i - a scroll of summoning {unknown}
 j - a scroll of noise {unknown}
 k - a scroll of fear {unknown}
Potions
 c - a potion of enlightenment {unknown}
 e - a potion of berserk rage {unknown}
 g - a potion of heal wounds {unknown}


   Skills:
 + Level 2.5 Dodging
 - Level 1.9 Stealth
 + Level 2.6 Spellcasting
 + Level 4.0 Ice Magic


You had 6 spell levels left.
You knew the following spells:

 Your Spells              Type           Power      Damage    Failure   Level
a - Freeze                Ice            68%        1d8       3%          1

Your spell library contained the following spells:

 Spells                   Type           Power      Damage    Failure   Level
 Frozen Ramparts          Ice            34%        1d6       10%         3
 Ozocubu's Armour         Ice            17%        N/A       10%         3
 Summon Ice Beast         Ice/Summ       9%         N/A       58%         4


Dungeon Overview and Level Annotations

Branches:
Dungeon (2/15)

Altars:

Annotations:
D:2 Crazy Yiuf


Innate Abilities, Weirdness & Mutations

You regenerate a little health from kills.


Message History

You now have 143 gold pieces (gained 6).
Partly explored, can't reach some places.
You shoot a sling bullet. The sling bullet hits the fungus.
The fungus begins to die.
You drain the fungus.
The fungus is lightly damaged.
You shoot a sling bullet. The sling bullet hits the fungus.
The fungus begins to die.
The fungus is lightly damaged.
A nearby fungus withers and dies.
You shoot a sling bullet. The sling bullet hits the fungus.
The fungus begins to die.
You drain the fungus.
The fungus is lightly damaged.
You shoot a sling bullet. The sling bullet hits the fungus.
The fungus begins to die.
The fungus is lightly damaged.
A nearby fungus withers and dies. x2
You shoot a sling bullet. The sling bullet hits the fungus!
The fungus begins to die.
You drain the fungus.
The fungus is lightly damaged.
A nearby fungus withers and dies.
A nearby fungus withers and dies.
Found a runed translucent door.
Crazy Yiuf shouts!
You open the door. You freeze Crazy Yiuf.
Crazy Yiuf is lightly wounded.
Crazy Yiuf hits you with a +4 quarterstaff of chaos!
Ouch! That really hurt!
Crazy Yiuf freezes you.
* * * LOW HITPOINT WARNING * * *
You are too injured to fight recklessly!
Casting: Freeze (safe; 3% risk of failure)
Confirm with . or Enter, or press ? or * to list all spells.
Aiming: Freeze (safe; 3% risk of failure)
Press: ? - help, Shift-Dir - straight line, f/p - Crazy Yiuf
Aim: Crazy Yiuf, wielding a +4 quarterstaff of chaos and wearing a +0 cloak You freeze Crazy Yiuf.
Crazy Yiuf is moderately wounded.
Crazy Yiuf hits you with a +4 quarterstaff of chaos.
You die...

##########
#.....................
.........#
###############.####.#
.##...##.### #####.# #.#
.##...#....# ##### #.....#
#.# .........#.# #)..#
#.##### #.† .........#.#
#...# #.# ###.#
.........#.# ...
#.######...# ......##...#
#g# #.##.....###
.##...##...# ♣@♣♣
#.##.###...# .##...###..#
♣♣.♣ #.##.# ###.#
...........# ♣.♣♣ #.##.#
#.. ##.######### ♣♣.♣
#.##.# #.. ...# ♣♣.♣♣
#.##.#####.. #########
♣...♣ #...........
........# ♣♣...♣
#.#.######.. #######.#
#....# #.#.##...... #
#.########..####.......##.#


You could see Crazy Yiuf.

Vanquished Creatures
  2 adders (D:2)
  2 dart slugs
  4 ball pythons
  2 bats (D:1)
  2 endoplasms
  2 goblins (D:1)
  3 hobgoblins
  4 jackals (D:2)
  4 kobolds
  A quokka (D:1)
  A frilled lizard (D:1)
  2 rats
29 creatures vanquished.

Notes
Turn   | Place    | Note
-------+----------+-------------------------------------------
     0 | D:1      | senseless the Demonspawn Ice Elementalist began the quest
                  | for the Orb.
     0 | D:1      | Reached XP level 1. HP: 13/13 MP: 3/3
   426 | D:1      | Gained mutation: You regenerate a little health from kills.
                  | [demonic ancestry]
   426 | D:1      | Reached XP level 2. HP: 19/19 MP: 3/5
  1445 | D:2      | Reached XP level 3. HP: 7/24 MP: 1/6
  1446 | D:2      | Reached skill level 4 in Ice Magic
  1826 | D:2      | Found a runed translucent door.
  1827 | D:2      | Noticed Crazy Yiuf
  1832 | D:2      | Slain by Crazy Yiuf

Illustrated notes

Levels and vault maps discovered:
D:1:      dpeg_cavernosity, layout_rooms, serial_bayou_ford_a
D:2:      layout_loops_ring, uniq_crazy_yiuf_cottage

Skill      XL: |  1  2  3 |
---------------+----------+-----
Dodging        | 2 |  2.5
Ice Magic      | 4 |  4.0
Stealth        | |  1.9
Spellcasting   | |  2.6

Action                     || total
---------------------------++-------
  Melee: Unarmed           ||     1
         Dagger            ||     7
         Punch             ||     1
   Fire: Sling             ||     8
   Cast: Freeze            ||    48
    Use: Scroll            ||     1
         Potion            ||     1
 Armour: Robe              ||     8
  Dodge: Dodged            ||    26

Table legend: (Time is in decaauts)
 A = Elapsed time spent in this place.
 B = Non-inter-level travel time spent in this place.
 C = Inter-level travel time spent in this place.
 D = Time resting spent in this place.
 E = Time spent auto-exploring this place.
 F = Levels seen in this place.
 G = Mean time per level.
                   A        B        C        D        E       F      G
               +--------+--------+--------+--------+--------+-----+--------+
         Total |   1844 |   1762 |     82 |      0 |   1583 |   2 |  922.0 |
       Dungeon |   1844 |   1762 |     82 |      0 |   1583 |   2 |  922.0 |
               +--------+--------+--------+--------+--------+-----+--------+

Top non-repeatable levels by time:
     D:1: 1075 daAuts
     D:2: 769 daAuts
